 Dungeon Crawl Stone Soup version 0.30.1 (webtiles) character file.

Game seed: 10960324332534470023

37 Fodor the Chopper (level 3, 0/33 HPs)
             Began as a Meteoran Cinder Acolyte on July 10, 2023.
             Was a High Priest of Ignis.
             Slain by a kobold
             ... wielding a +0 short sword
              (2 damage)
             ... on level 2 of the Dungeon.
             The game lasted 00:07:38 (1047 turns).

Fodor the Chopper (Meteoran Cinder Acolyte)         Turns: 1047, Time: 00:07:39

Health: 0/33       AC:  2    Str: 16    XL:     3   Next: 85%
Magic:  6/6        EV: 11    Int: 15    God:    Ignis [*****.]
Gold:   56         SH:  0    Dex: 11    Spells: 4/4 levels left

rFire   + . .        a - -1 hand axe (flame)
rCold   . . .        (no shield)
rNeg    . . .        b - +0 robe
rPois   .            (no helmet)
rElec   .            (no cloak)
rCorr   .            (no gloves)
SInv    .            (no boots)
Will    .....        (no amulet)
Stlth   +            (no ring)
HPRegen 0.25/turn    (no ring)
MPRegen 0.10/turn

%: no passive effects
@: glowing
A: sense surroundings 1, otherworldly, glowing, explore regen
a: Renounce Religion, Fiery Armour, Foxfire Swarm, Rising Flame


You were on level 2 of the Dungeon.
You worshipped Ignis.
Ignis was extremely pleased with you.
You visited 1 branch of the dungeon, and saw 2 of its levels.

You collected 56 gold pieces.

Inventory:

Hand Weapons
 a - a -1 hand axe of flaming (weapon)
Armour
 b - a +0 robe (worn)
Scrolls
 c - 2 scrolls of amnesia {unknown}
 d - a scroll of identify {unknown}
 e - a scroll of torment {unknown}
 f - a scroll of magic mapping {unknown}
Potions
 g - 2 potions of degeneration {unknown}
 h - a potion of curing {unknown}


   Skills:
 + Level 3.9 Fighting
 + Level 4.2 Axes
 + Level 0.7 Dodging
 + Level 1.3 Spellcasting
 + Level 4.1 Fire Magic


You had 4 spell levels left.
You didn't know any spells.
Your spell library contained the following spells:

 Spells                   Type           Power      Damage    Failure   Level
 Scorch                   Fire           26%        2d6       7%          2
 Ignite Poison            Fire/Tmut/Pois 5%         N/A       38%         3
 Sticky Flame             Conj/Fire      7%         2d3       71%         4
 Ignition                 Fire           6%         3d4       100%        8


Dungeon Overview and Level Annotations

Branches:
Dungeon (2/15) Zot: 142

Altars:


Innate Abilities, Weirdness & Mutations

You passively map a small area around you.
You are easily found by Zot.
You glow in the dark.
You regain HP and MP as you explore.


Message History

The kobold hits you but does no damage. The kobold attacks as you move away!
The kobold barely misses you.
Found a shiny moonstone ring.
The endoplasm barely misses you.
An adder comes into view.
The adder hisses angrily.
You hit the endoplasm. You burn the endoplasm.
The endoplasm is severely wounded.
You hit the hobgoblin. You burn the hobgoblin. You hit the kobold.
You burn the kobold. The endoplasm hits you. The hobgoblin closely misses you.
The kobold hits you with a +0 short sword.
You hit the endoplasm. You burn the endoplasm.
You kill the endoplasm!
You hit the hobgoblin. You burn the hobgoblin.
You kill the hobgoblin!
You closely miss the kobold. The kobold hits you but does no damage.
The kobold hits you with a +0 short sword.
The adder bites you. The adder closely misses you.
The kobold hits you with a +0 short sword.
* * * LOW HITPOINT WARNING * * *
The adder bites you.
* * * LOW HITPOINT WARNING * * *
The kobold hits you but does no damage. The kobold attacks as you move away!
The kobold hits you with a +0 short sword.
* * * LOW HITPOINT WARNING * * *
The adder barely misses you. The kobold attacks as you move away!
The kobold barely misses you. The adder closely misses you.
The kobold attacks as you move away! The kobold barely misses you.
The adder misses you. The adder closely misses you. The kobold misses you.
The kobold attacks as you move away!
The kobold hits you with a +0 short sword.
* * * LOW HITPOINT WARNING * * *
The adder barely misses you. The adder bites you.
* * * LOW HITPOINT WARNING * * *
The adder attacks as you move away! The adder barely misses you.
The kobold attacks as you move away!
The kobold hits you with a +0 short sword.
You die...

*, * ###.# ....##
* , * **#.).. , ,
##..# , ,*
########..## * ,
#..........# *
#..!.......#######
,
#..........#......
, .
#.........@.......
* #
#........SK#......
* *
#..>.......#......
, ############
..... * ,, ,=....
**##.. * . , * , ,
, ,


You could see an adder and a kobold.

Vanquished Creatures
  A dart slug (D:1)
  6 bats (D:1)
  5 endoplasms
  2 giant cockroaches
  A goblin (D:1)
  4 hobgoblins
  2 kobolds (D:1)
  A quokka (D:2)
  3 ball pythons (D:1)
  3 frilled lizards (D:1)
  4 rats
32 creatures vanquished.

Notes
Turn   | Place    | Note
-------+----------+-------------------------------------------
     0 | D:1      | Fodor the Meteoran Cinder Acolyte began the quest for the
                  | Orb.
     0 | D:1      | Reached XP level 1. HP: 19/19 MP: 3/3
   105 | D:1      | Reached XP level 2. HP: 5/26 MP: 5/5
   495 | D:1      | Glimpsed the power of Zot.
   532 | D:2      | Reached XP level 3. HP: 22/33 MP: 6/6
  1047 | D:2      | Slain by a kobold

Illustrated notes

Levels and vault maps discovered:
D:1:      lightli_arrival_statuegarden, layout_loops_corners,
          minmay_misc_feat_room, minmay_misc_feat_tower, hangedman_decor_points,
          wander_ebering_terrifying_dragon_lair
D:2:      layout_rooms, minmay_liquid_box, uniq_terence

Skill      XL: |  1  2  3 |
---------------+----------+-----
Axes           | 4 |  4.2
Fire Magic     | 4 |  4.1
Fighting       | |  3.9
Dodging        | |  0.7
Spellcasting   | |  1.3

Action                     || total
---------------------------++-------
  Melee: Hand axe          ||    98
         Punch             ||     1
 Armour: Robe              ||    33
  Dodge: Dodged            ||   100
